 Dungeon Crawl Stone Soup version 0.21.0-22-g11d5b52 (webtiles) character file.

3117 Moloch the Destroyer (level 9, 0/48 (51) HPs)
             Began as an Octopode Wizard on Jan 18, 2018.
             Was a Follower of Vehumet.
             Slain by an orc
             ... wielding a +1 short sword of electrocution
              (19 damage)
             ... on level 8 of the Dungeon.
             The game lasted 00:21:33 (9804 turns).

Moloch the Destroyer (Octopode Wizard)              Turns: 9804, Time: 00:21:34

HP:   0/48 (51)     AC:  1    Str:  7    XL:     9   Next: 91%
MP:   15/21         EV: 14    Int: 23    God:    Vehumet [*.....]
Gold: 417           SH:  0    Dex: 16    Spells: 10/24 levels left

rFire    . . .     SeeInvis .   x - +9 spear of Symmetry {pain, rN+++ Dex+6 Stlth-}
rCold    . . .     Gourm    .   (no shield)
rNeg     + + +     Faith    .   a - +0 hat
rPois    .         Spirit   .   (no amulet)
rElec    .         Reflect  .   (no ring)
rCorr    .         Harm     .   (no ring)
MR       .....                  (no ring)
Stlth    ++........             (no ring)
HPRegen  0.16/turn              (no ring)
MPRegen  0.17/turn              (no ring)
                                (no ring)
                                (no ring)

@: no status effects
A: almost no armour, stealthy swim, amphibious, 8 rings, constrict 8, camouflage
1, gelatinous body 1
a: Renounce Religion


You were on level 8 of the Dungeon.
You worshipped Vehumet.
Vehumet was aware of your devotion.
You were near starving.

You visited 2 branches of the dungeon, and saw 9 of its levels.

You collected 417 gold pieces.

Inventory:

Hand Weapons
 k - a +3 blowgun
 x - the +9 spear of Symmetry (weapon) {pain, rN+++ Dex+6 Stlth-}
   (You found it on level 7 of the Dungeon)

   In the hands of one skilled in necromantic magic, it inflicts extra damage on
   living creatures.
   It affects your dexterity (+6).
   It renders you almost immune to negative energy.
   It makes you less stealthy.
Missiles
 t - 7 poisoned needles
Armour
 a - a +0 hat (worn)
Jewellery
 r - a cursed -3 ring of dexterity {unknown}
 B - an uncursed ring of ice {unknown}
Wands
 q - a wand of clouds (5)
 w - a wand of random effects (18)
 y - a wand of iceblast (11)
Scrolls
 f - 2 scrolls of enchant weapon {unknown}
 h - 4 scrolls of teleportation
 i - a scroll of fear {unknown}
 j - a scroll of blinking {unknown}
 l - 5 scrolls of remove curse
 m - 2 scrolls of immolation {unknown}
 n - a scroll of summoning {unknown}
 o - a scroll of vulnerability {unknown}
 p - 2 scrolls of amnesia {unknown}
 s - 6 scrolls of identify
Potions
 d - a potion of flight {unknown}
 e - 3 potions of heal wounds {unknown}
 g - 2 potions of lignification
 v - 5 potions of curing {unknown}
 z - a potion of agility {unknown}
 A - a potion of haste {unknown}
Books
 b - a book of Minor Magic

   Spells                             Type                      Level
   a - Magic Dart                     Conjuration                  1
   b - Blink                          Translocation                2
   c - Call Imp                       Summoning                    2
   d - Slow                           Hexes                        2
   e - Conjure Flame                  Conjuration/Fire             3
   f - Mephitic Cloud                 Conjuration/Poison/Air       3
 u - a book of Callings

   Spells                             Type                      Level
   a - Summon Small Mammal            Summoning                    1
   b - Call Imp                       Summoning                    2
   c - Call Canine Familiar           Summoning                    3
   d - Summon Guardian Golem          Hexes/Summoning              3
   e - Summon Lightning Spire         Summoning/Air                4
   f - Summon Ice Beast               Ice/Summoning                4
Comestibles
 c - 8 rations


   Skills:
 - Level 2.0 Dodging
 - Level 2.6 Stealth
 + Level 8.2 Spellcasting
 * Level 10.0 Conjurations
 - Level 1.0 Summonings
 - Level 1.0 Translocations
 * Level 3.5 Fire Magic


You had 10 spell levels left.
You knew the following spells:

 Your Spells              Type           Power        Failure   Level  Hunger
a - Magic Dart            Conj           ####         1%          1    None
b - Blink                 Tloc           N/A          7%          2    None
c - Call Imp              Summ           ##......     7%          2    None
d - Mephitic Cloud        Conj/Pois/Air  ###.....     4%          3    None
e - Conjure Flame         Conj/Fire      #####...     1%          3    None
f - Call Canine Familiar  Summ           ##......     14%         3    None


Dungeon Overview and Level Annotations

Branches:
Dungeon (8/15)             Temple (1/1) D:4
   Lair: D:8-11

Altars:
Ashenzari
Cheibriados
Dithmenos
Fedhas
Gozag
Hepliaklqana
Nemelex Xobeh
Okawaru
Ru
Trog
Vehumet
Xom
Yredelemnul
Zin
The Shining One


Innate Abilities, Weirdness & Mutations

You cannot wear most types of armour.
You are very stealthy in the water. (Stealth+)
You are amphibious.
You can wear up to eight rings at the same time.
You can use your tentacles to constrict eight enemies at once.
Your skin changes colour to match your surroundings (Stealth+).
Your rubbery body absorbs attacks. (AC +1, EV +1)


Message History

You are electrocuted!
You hit the orc. You grab the orc.
The orc is moderately wounded.
You constrict the orc.
The orc priest calls upon Beogh to heal the orc.
The orc's wounds heal themselves!
The orc hits you but does no damage.
You are electrocuted!
You are too injured to fight recklessly!
Casting: Magic Dart
Confirm with . or Enter, or press ? or * to list all spells.
Aiming: Mephitic Cloud
Press: ? - help, Shift-Dir - straight line, f - orc priest, p - orc
Aim: an orc priest, wearing a leather armour The ball explodes into a vile cloud!
The stinking cloud engulfs the orc priest.
You constrict the orc.
The orc priest is engulfed in noxious fumes.
The orc hits you with a short sword of electrocution.
You are electrocuted!
You die...

#.....##....#
#.....##....# .
#......#....#
....#......#....#
#.......#....#
#+####..# ..# ♣♣♣.
#).# ♣.... #..#
♣.)...♣#o@#
...≈..)§o##+####.
♣...%.♣#§#....... #
♣.... #§........ ..
♣♣♣. #.o......#
...####+####........#
......o)............#
o........(..........#
....o...............#


You could see an orc priest and an orc.

Vanquished Creatures
  6 yaks
  A hungry ghost (D:6)
  An ice beast (D:5)
  A phantom (D:6)
  A centaur (D:6)
  2 ogres
  A necrophage (D:6)
  5 big kobolds (D:3)
  A bullfrog (D:7)
  A water moccasin zombie (D:7)
  3 scorpions
  2 howler monkeys
  A hound (D:5)
  A jelly (D:7)
  3 orc priests
  2 bullfrog skeletons
  A centaur skeleton (D:7)
  Crazy Yiuf (D:2)
  Jessica (D:2)
  4 iguanas
  6 orc wizards
  3 worker ants
  5 adders
  9 gnolls
  3 shadow imps
  3 oozes (D:3)
  An adder zombie (D:6)
  An adder skeleton (D:7)
  6 worms
  2 dart slugs
  A leopard gecko (D:3)
  23 orcs
  7 giant cockroaches
  8 goblins
  7 hobgoblins
  5 jackals
  2 quokkas (D:5)
  3 ball pythons
  14 bats
  5 frilled lizards
  43 kobolds
  13 rats
209 creatures vanquished.

Notes
Turn   | Place    | Note
-------+----------+-------------------------------------------
     0 | D:1      | Moloch the Octopode Wizard began the quest for the Orb.
     0 | D:1      | Reached XP level 1. HP: 11/11 MP: 4/4
   318 | D:1      | Reached XP level 2. HP: 17/17 MP: 0/6
   329 | D:1      | Learned a level 2 spell: Blink
   332 | D:1      | Learned a level 2 spell: Call Imp
   819 | D:1      | Reached XP level 3. HP: 15/21 MP: 0/8
  1417 | D:2      | Learned a level 3 spell: Mephitic Cloud
  1436 | D:2      | Noticed Jessica
  1441 | D:2      | Killed Jessica
  1441 | D:2      | Reached skill level 2 in Conjurations
  1441 | D:2      | Reached XP level 4. HP: 27/27 MP: 3/10
  2206 | D:2      | Reached XP level 5. HP: 31/31 MP: 2/11
  2308 | D:2      | Reached skill level 3 in Conjurations
  2868 | D:2      | Found a runed door.
  3143 | D:2      | Noticed Crazy Yiuf
  3162 | D:2      | Killed Crazy Yiuf
  3445 | D:3      | Learned a level 3 spell: Conjure Flame
  3888 | D:3      | Reached XP level 6. HP: 36/36 MP: 10/13
  3993 | D:3      | Reached skill level 4 in Conjurations
  4345 | D:3      | Reached skill level 5 in Spellcasting
  4364 | D:3      | Reached skill level 5 in Conjurations
  4364 | D:3      | Reached XP level 7. HP: 18/41 MP: 3/15
  4988 | D:4      | Reached skill level 6 in Conjurations
  5508 | D:4      | Reached XP level 8. HP: 46/46 MP: 11/17
  5757 | D:4      | Found a staircase to the Ecumenical Temple.
  5777 | Temple   | Entered the Ecumenical Temple
  5804 | Temple   | Became a worshipper of Vehumet
  5858 | D:5      | Entered Level 5 of the Dungeon
  6195 | D:5      | Reached skill level 7 in Conjurations
  6537 | D:5      | Reached skill level 1 in Fire Magic
  7003 | D:6      | Learned a level 3 spell: Call Canine Familiar
  7251 | D:6      | Reached skill level 8 in Conjurations
  7445 | D:6      | Reached XP level 9. HP: 48/48 MP: 8/19
  8146 | D:6      | Reached skill level 9 in Conjurations
  8907 | D:7      | Reached * piety under Vehumet
  8907 | D:7      | Offered knowledge of Sandblast by Vehumet.
  8952 | D:7      | Got a warped spear
  8953 | D:7      | Identified the +9 spear of Symmetry {pain, rN+++ Dex+6 Stlth-} (You found it on level 7 of the Dungeon)
  9752 | D:8      | Reached skill level 10 in Conjurations
  9804 | D:8      | Slain by an orc

Skill      XL: |  1  2  3  4  5  6  7  8  9 |
---------------+----------------------------+-----
Spellcasting   | 4 5 6 7 8 |  8.2
Conjurations   | 2 3 5 6 8 10 | 10.0
Fire Magic     | 2 3 |  3.5
Dodging        | |  2.0
Stealth        | |  2.6
Summonings     | |  1.0
Translocations | |  1.0

Action                   |  1- 3 |  4- 6 |  7- 9 || total
-------------------------+-------+-------+-------++-------
Melee: Unarmed           |    28 |    28 |       ||    56
       Constrict         |     9 |    23 |    18 ||    50
       Tentacles         |     3 |    11 |    14 ||    28
       Quarterstaff      |       |    20 |       ||    20
       Hand axe          |       |    21 |    62 ||    83
       Spear             |       |       |    38 ||    38
 Cast: Magic Dart        |    76 |   149 |   238 ||   463
       Mephitic Cloud    |       |     8 |    24 ||    32
       Call Imp          |       |     1 |     2 ||     3
       Conjure Flame     |       |       |    15 ||    15
  Use: Scroll            |       |     5 |       ||     5
       Potion            |       |       |     1 ||     1
 Stab: Sleeping          |     1 |     2 |       ||     3
       Confused          |       |     4 |     4 ||     8
  Eat: Chunk             |     1 |     9 |    17 ||    27
Armor: Skin              |    11 |     2 |     3 ||    16
Dodge: Dodged            |    40 |    50 |    46 ||   136
